 Dungeon Crawl Stone Soup version 0.28.0 (webtiles) character file.

Game seed: 6677764989421536246

21 Astera the Sneak (level 2, -1/15 HPs)
             Began as a Spriggan Brigand on Feb 6, 2022.
             Slain by a worm (8 damage)
             ... on level 2 of the Dungeon on Feb 12, 2022.
             The game lasted 00:04:53 (1887 turns).

Astera the Sneak (Spriggan Brigand)                 Turns: 1887, Time: 00:04:54

Health: -1/15      AC:  3    Str:  7    XL:     2   Next: 65%
Magic:  3/3        EV: 16    Int: 12    God:
Gold:   39         SH:  0    Dex: 16    Spells: 1/1 levels left

rFire   . . .      SeeInvis +   a - +2 dagger
rCold   . . .      Faith    .   (no shield)
rNeg    . . .      Spirit   .   b - +0 robe
rPois   +          Reflect  .   (helmet restricted)
rElec   .          Harm     .   c - +0 cloak
rCorr   .          Rampage  .   (gloves unavailable)
Will    .....                   (boots unavailable)
Stlth   +++.......              (no amulet)
HPRegen 0.05/turn               f - ring of poison resistance
MPRegen 0.08/turn               (no ring)

@: very quick
A: very small, no large weapons, unfitting armour, see invisible, speed 3
a: no special abilities


You were on level 2 of the Dungeon.
You visited 1 branch of the dungeon, and saw 2 of its levels.

You collected 39 gold pieces.

Inventory:

Hand Weapons
 a - a +2 dagger (weapon)
Missiles
 d - 8 poisoned darts
 e - 2 curare-tipped darts
 k - 5 stones (quivered)
Armour
 b - a +0 robe (worn)
 c - a +0 cloak (worn)
Jewellery
 f - a ring of poison resistance (left hand)
Scrolls
 g - a scroll of noise {unknown}
 h - a scroll of magic mapping {unknown}
 i - a scroll of teleportation {unknown}
 j - a scroll of enchant armour {unknown}


   Skills:
 + Level 1.9 Fighting
 + Level 2.2 Short Blades
 + Level 2.1 Throwing
 + Level 1.4 Dodging
 + Level 6.7 Stealth


You had one spell level left.
You didn't know any spells.
Your spell library was empty.

Dungeon Overview and Level Annotations

Branches:
Dungeon (2/15)

Altars:


Innate Abilities, Weirdness & Mutations

You are very small and have problems with some larger weapons.
You are too small for most types of armour.
You have supernaturally acute eyesight. (SInv)
You cover ground extremely quickly. (Speed+++)


Message History

Saving game... please wait.
Welcome back, Astera the Spriggan Brigand.
Press ? for a list of commands and other information.
You see here a stone.
k - 5 stones (gained 1)
You see here 2 stones.
k - 7 stones (gained 2)
You see here a stone.
k - 8 stones (gained 1)
You see here a stone.
k - 9 stones (gained 1)
You throw a stone.
The stone hits the worm but does no damage.
You throw a stone.
The stone hits the worm but does no damage.
You throw a stone. The stone hits the worm.
The worm is lightly wounded.
You throw a stone. The stone hits the worm.
The worm is lightly wounded.
You hit the worm but do no damage. You hit the worm but do no damage.
The worm misses you.
You hit the worm but do no damage. You hit the worm but do no damage.
The worm misses you.
You hit the worm.
The worm is moderately wounded.
You hit the worm.
The worm is moderately wounded.
The worm completely misses you.
You hit the worm but do no damage.
The worm is moderately wounded.
You hit the worm.
The worm is moderately wounded.
The worm bites you.
You hit the worm but do no damage.
The worm is moderately wounded.
You hit the worm.
The worm is moderately wounded.
The worm bites you!
Ouch! That really hurt!
You die...

######### #.......###
#.......#.#############
#####..........##.(.((...((
#...........(w@.(.########(
#.###.†....(...####
##.###.....(.#.##
#...........(#.#
#..#######.###.#
#..#######.# #+#
#..........# #.##########
##.##.##


You could see a worm.

Vanquished Creatures
  A dart slug (D:1)
  2 endoplasms (D:1)
  2 goblins (D:1)
  3 hobgoblins (D:1)
  A quokka (D:1)
  A ball python (D:1)
  A frilled lizard (D:1)
  3 kobolds (D:1)
  5 rats
19 creatures vanquished.

Notes
Turn   | Place    | Note
-------+----------+-------------------------------------------
     0 | D:1      | Astera the Spriggan Brigand began the quest for the Orb.
     0 | D:1      | Reached XP level 1. HP: 10/10 MP: 2/2
   373 | D:1      | Reached skill level 6 in Stealth
   614 | D:1      | Reached XP level 2. HP: 13/15 MP: 3/3
  1887 | D:2      | Slain by a worm

Illustrated notes

Levels and vault maps discovered:
D:1:      dpeg_arrival_radiant, layout_rooms, dk_noncrumbling_2
D:2:      layout_loops_corners, basic_altar, minmay_misc_feat_columns

Skill      XL: |  1 |
---------------+----+-----
Stealth        | 6 |  6.7
Fighting       | |  1.9
Short Blades   | |  2.2
Throwing       | |  2.1
Dodging        | |  1.4

Action                   || total
-------------------------++-------
Melee: Dagger            ||    77
Throw: Stone             ||    28
 Stab: Sleeping          ||     4
Armor: Robe              ||     6
Dodge: Dodged            ||    40
